 Dungeon Crawl Stone Soup version 0.32-a0-411-g744942f433 (webtiles) character file.

Game seed: 8928593825417078673

200 shadowstone the Changeling (level 5, -2/33 HPs)
             Began as an Octopode Shapeshifter on Feb 20, 2024.
             Slain by a gnoll
             ... wielding a +0 club
              (4 damage)
             ... on level 3 of the Dungeon.
             The game lasted 00:07:46 (2087 turns).

shadowstone the Changeling (Octopode Shapeshifter)  Turns: 2087, Time: 00:07:46

Health: -2/33      AC:  1    Str: 17    XL:     5   Next: 78%
Magic:  5/5        EV: 13    Int: 12    God:
Gold:   142        SH:  0    Dex: 12    Spells: 4/4 levels left

rFire   . . .        i - +5 mace of Dishonesty {venom, Str+2}
rCold   . . .        k - orb {light}
rNeg    . . .        (helmet currently unavailable)
rPois   .            (no amulet)
rElec   .            (no ring)
rCorr   .            (no ring)
SInv    .            (no ring)
Will    .....        (no ring)
Stlth   +            (no ring)
HPRegen 0.25/turn    (no ring)
MPRegen 0.09/turn    (no ring)
                     (no ring)

%: no passive effects
@: beast-form, glowing
A: beast (slay +2), almost no armour, amphibious, 8 rings, camouflage 1,
gelatinous body 1, (nimble swimmer 1), tentacles
a: Begin Untransformation


You were on level 3 of the Dungeon.
You were a hulking beast.
You visited 1 branch of the dungeon, and saw 3 of its levels.

You collected 142 gold pieces.

Inventory:

Hand Weapons
 f - a +4 dagger
 i - the +5 mace of Dishonesty (weapon) {venom, Str+2}
   (You found it on level 2 of the Dungeon)

   Str+2:     It affects your strength (+2).
 n - a +2 vampiric dagger
 w - a +0 giant spiked club
Missiles
 j - 3 poisoned darts (quivered)
Armour
 k - an orb of light (worn)
Jewellery
 o - an amulet of regeneration
 u - a +6 ring of dexterity
Talismans
 b - a beast talisman (active)
 c - a flux talisman
Scrolls
 d - a scroll of immolation {unknown}
 e - 5 scrolls of identify {unknown}
 g - a scroll of enchant weapon {unknown}
 l - a scroll of teleportation {unknown}
 q - a scroll of fear {unknown}
 r - a scroll of enchant armour {unknown}
 s - 3 scrolls of butterflies {unknown}
 t - 2 scrolls of fog {unknown}
 v - a scroll of vulnerability {unknown}
Potions
 a - 2 potions of lignification
 h - 2 potions of curing {unknown}
 m - a potion of haste {unknown}
 p - a potion of heal wounds {unknown}


   Skills:
 + Level 1.4 Fighting
 + Level 0.4 Short Blades
 + Level 1.7 Maces & Flails
 + Level 2.9 Dodging
 + Level 2.1 Stealth
 + Level 3.8 Unarmed Combat
 + Level 4.1 Shapeshifting


You had 4 spell levels left.
You didn't know any spells.
Your spell library contained the following spells:

 Spells                   Type           Power      Damage    Failure   Level
 Fugue of the Fallen      Necr           0%         N/A       69%         3
 Ozocubu's Armour         Ice            0%         N/A       69%         3
 Manifold Assault         Tloc           0%         N/A       97%         4


Dungeon Overview and Level Annotations

Branches:
Dungeon (3/15)

Altars:
Yredelemnul

Shops:
D:1 :   D:2 (


Innate Abilities, Weirdness & Mutations

You are a hulking beast.
Your limbs bulge with bestial killing power. (Slay +2)
You cannot wear most types of armour.
You are amphibious.
You can wear up to eight rings at the same time.
Your skin changes colour to match your surroundings (Stealth+).
Your rubbery body absorbs attacks. (AC +1, EV +1)
((You are camouflaged when in or above water. (Stealth+)))
You have tentacles for arms and can constrict up to eight enemies at once.


Message History

Items here: )))) ††.
Items here: ))) †.
You see here a ball python skeleton.
A human is nearby!
You see here an adder skeleton.
Sorry, I don't know how to get there.
Sorry, I don't know how to get there.
Sorry, I don't know how to get there.
Sorry, I don't know how to get there.
A gnoll comes into view. It is wielding a +0 club.
The gnoll shouts! 2 gnolls come into view.
A gnoll comes into view. It is wielding a +0 halberd.
The gnoll shouts! x3
Found a stone staircase leading up.
The gnoll misses you. The gnoll closely misses you.
The gnoll hits you with a +0 club.
You sock the gnoll!
The gnoll is poisoned.
You grab the gnoll.
The gnoll is severely wounded.
You constrict the gnoll.
You kill the gnoll!
The gnoll completely misses you. The gnoll barely misses you.
Your Stealth skill increases to level 2!
The gnoll hits you from afar with a +0 halberd.
The gnoll misses you.
The gnoll hits you from afar with a +0 spear.
Things that are here:
a +0 club; a gnoll corpse The gnoll barely misses you.
The gnoll hits you with a +0 spear.
You hit the gnoll.
The gnoll is poisoned.
You grab the gnoll.
The gnoll is moderately wounded.
You constrict the gnoll.
The gnoll hits you from afar with a +0 halberd.
The gnoll misses you. The gnoll hits you with a +0 spear!
* * * LOW HITPOINT WARNING * * *
You hit the gnoll.
The gnoll looks as sick as possible!
You squeeze the gnoll.
You kill the gnoll!
The gnoll hits you from afar with a +0 halberd.
* * * LOW HITPOINT WARNING * * *
The gnoll hits you with a +0 club.
You die...

######### ## #.......#
..... .# #.......# ....#
.#######.......##....#
...............+.....#
.#.#####.......#..:..###
.#.# #.......#g......<
.#.#####.##+#....#....##
...............gh)......
###.####.#..............
# #......##.#.#.##...#..
###.###..##.#.#.# ...#
....###.......#.# ..#
#...........#.#.# ###
....)......##...#
.....##.#########
.....##.# #......


You could see 2 gnolls.

Vanquished Creatures
  An ogre (D:3)
  2 gnolls (D:3)
  2 adders (D:3)
  2 dart slugs (D:2)
  2 ribbon worms (D:2)
  An orc (D:3)
  2 ball pythons (D:3)
  2 giant cockroaches
  10 goblins
  3 hobgoblins
  4 jackals (D:2)
  A quokka (D:2)
  6 bats
  2 frilled lizards (D:2)
  3 kobolds
  4 rats
47 creatures vanquished.

Vanquished Creatures (others)
  An orc priest (D:3)
  An orc (D:3)
  A goblin (D:3)
3 creatures vanquished.

Grand Total: 50 creatures vanquished

Notes
Turn   | Place    | Note
-------+----------+-------------------------------------------
     0 | D:1      | shadowstone the Octopode Shapeshifter began the quest for
                  | the Orb.
     0 | D:1      | Reached XP level 1. HP: 13/13 MP: 1/1
   139 | D:1      | Reached XP level 2. HP: 17/18 MP: 2/2
   159 | D:1      | Found Qeysh's Book Shop.
   521 | D:2      | Identified the +5 mace of Dishonesty {venom, Str+2}
   737 | D:2      | Reached XP level 3. HP: 23/23 MP: 3/3
  1011 | D:2      | Found Ring's Antique Weapon Shop.
  1064 | D:2      | Reached XP level 4. HP: 19/28 MP: 4/4
  1430 | D:3      | Noticed a human
  1432 | D:3      | Found a runed translucent door.
  1481 | D:3      | Found a basalt altar of Yredelemnul.
  1518 | D:3      | Reached skill level 4 in Shapeshifting
  1746 | D:3      | Noticed an ogre
  1754 | D:3      | Reached skill level 1 in Maces & Flails
  1756 | D:3      | Killed an ogre
  1757 | D:3      | Reached skill level 1 in Stealth
  1757 | D:3      | Reached XP level 5. HP: 19/33 MP: 5/5
  2087 | D:3      | Slain by a gnoll

Illustrated notes

Levels and vault maps discovered:
D:1:      giann_wishing_wells, layout_rooms, serial_shops, shop,
          serial_park_tiny_pond, kennysheep_decorative_pillar
D:2:      layout_loops_cross, serial_shops, nicolae_shop_waterfront,
          grunt_decor_junction
D:3:      layout_basic, dk_yredelemnul_ordeal, minmay_ogre_servants

Skill      XL: |  1  2  3  4  5 |
---------------+----------------+-----
Shapeshifting  | 4 |  4.1
Maces & Flails | 1 |  1.7
Stealth        | 1 2 |  2.1
Fighting       | |  1.4
Short Blades   | |  0.4
Dodging        | |  2.9
Unarmed Combat | |  3.8

Action                     |  1- 3 |  4- 6 || total
---------------------------+-------+-------++-------
  Melee: Unarmed           |    14 |       ||    14
         Constrict         |    11 |     6 ||    17
         Punch             |     1 |       ||     1
         Mace              |    25 |    24 ||    49
         Dagger            |     3 |       ||     3
         Tentacles         |     4 |     2 ||     6
   Stab: Sleeping          |     3 |       ||     3
 Armour: Skin              |    30 |    26 ||    56
  Dodge: Dodged            |    55 |    32 ||    87

Table legend: (Time is in decaauts)
 A = Elapsed time spent in this place.
 B = Non-inter-level travel time spent in this place.
 C = Inter-level travel time spent in this place.
 D = Time resting spent in this place.
 E = Time spent auto-exploring this place.
 F = Levels seen in this place.
 G = Mean time per level.
                   A        B        C        D        E       F      G
               +--------+--------+--------+--------+--------+-----+--------+
         Total |   2103 |   2042 |     61 |    227 |    760 |   3 |  701.0 |
       Dungeon |   2103 |   2042 |     61 |    227 |    760 |   3 |  701.0 |
               +--------+--------+--------+--------+--------+-----+--------+

Top non-repeatable levels by time:
     D:2: 816 daAuts
     D:3: 793 daAuts
     D:1: 493 daAuts
